 Dungeon Crawl Stone Soup version 0.30-a0-824-g6c64550be9 (webtiles) character file.

Game seed: 16923560254139097072

420 MachoJfn the Covert (level 7, 0/61 HPs)
             Began as a Kobold Brigand on Feb 27, 2023.
             Succumbed to a scorpion's poison
             ... on level 4 of the Dungeon.
             The game lasted 00:13:01 (4503 turns).

MachoJfn the Covert (Kobold Brigand)                Turns: 4503, Time: 00:13:01

Health: 0/61       AC: 23    Str:  9    XL:     7   Next: 16%
Magic:  7/7        EV:  3    Int: 12    God:
Gold:   193        SH:  0    Dex: 18    Spells: 6/6 levels left

rFire   + + .      SeeInvis +    a - +2 dagger
rCold   + . .      Faith    .    (no shield)
rNeg    . . .      Spirit   .    (body armour currently unavailable)
rPois   +          Reflect  .    (helmet currently unavailable)
rElec   +          Harm     .    (cloak currently unavailable)
rCorr   +          Rampage  .    (gloves currently unavailable)
Will    .....      NoTele   +    (boots currently unavailable)
Stlth   +++++                    p - amulet of the acrobat
HPRegen 0.30/turn                k - ring of see invisible
MPRegen 0.10/turn                y - ring of protection from fire

@: lethally poisoned (0 -> -7), tree-form, resistant
A: stationary, stasis, torment immunity, boosted hp, small, no large weapons,
nightstalker 3
a: no special abilities


You were on level 4 of the Dungeon.
You were a tree.
You visited 1 branch of the dungeon, and saw 4 of its levels.

You collected 193 gold pieces.

Inventory:

Hand Weapons
 a - a +2 dagger (weapon)
 o - a +1 short sword of holy wrath
Missiles
 d - 8 poisoned darts (quivered)
 e - 2 curare-tipped darts
Armour
 b - a +0 robe (melded)
 c - a +0 cloak (melded)
Jewellery
 k - a ring of see invisible (left branch)
 l - a ring of protection from cold
 p - an amulet of the acrobat (around neck)
 y - a ring of protection from fire (right branch)
Wands
 s - a wand of roots (3)
 w - a wand of light (4)
 B - a wand of flame (29)
Scrolls
 f - a scroll of fog
 g - 2 scrolls of blinking {unknown}
 h - 8 scrolls of identify
 i - 3 scrolls of teleportation
 u - a scroll of immolation {unknown}
 v - a scroll of vulnerability {unknown}
Potions
 j - a potion of brilliance {unknown}
 m - a potion of curing {unknown}
 n - a potion of mutation {unknown}
 q - a potion of magic {unknown}
 r - a potion of flight {unknown}
 t - a potion of haste {unknown}
 x - a potion of lignification
 z - a potion of resistance
 A - 2 potions of ambrosia {unknown}


   Skills:
 + Level 3.2 Fighting
 + Level 5.0 Short Blades
 + Level 2.9 Throwing
 + Level 2.7 Dodging
 + Level 8.8 Stealth


You had 6 spell levels left.
You didn't know any spells.
Your spell library contained the following spells:

 Spells                   Type           Power      Damage    Failure   Level
 Magic Dart               Conj           0%         1d3       32%         1
 Summon Small Mammal      Summ           0%         N/A       32%         1
 Searing Ray              Conj           0%         2d4       45%         2
 Call Canine Familiar     Summ           0%         N/A       69%         3
 Ozocubu's Armour         Ice            0%         N/A       69%         3
 Summon Guardian Golem    Hex/Summ       0%         N/A       69%         3
 Fulminant Prism          Conj/Hex       0%         3d5       97%         4
 Ozocubu's Refrigeration  Ice            0%         4d7       100%        7


Dungeon Overview and Level Annotations

Branches:
Dungeon (4/15)
 Temple: D:4-7

Altars:
Cheibriados
Fedhas
Gozag
Makhleb
Nemelex Xobeh
Qazlal
Vehumet
Wu Jian
Yredelemnul
The Shining One


Innate Abilities, Weirdness & Mutations

You are a tree.
Your roots penetrate the ground, keeping you stationary.
You cannot be teleported.
You are immune to unholy pain and torment.
Your maximum health is greatly increased.
Your equipment is partially melded.
You are small and have problems with some larger weapons.
You are completely attuned to the shadows.


Message History

You feel sick. The scorpion stings you.
You hit the scorpion.
The scorpion is almost dead.
You feel sick. The scorpion misses you.
You hit the scorpion.
The scorpion is almost dead.
The scorpion stings you.
You hit the scorpion but do no damage.
The scorpion is almost dead.
You feel sick. The scorpion stings you.
* * * LOW HITPOINT WARNING * * *
You are lethally poisoned!
The scorpion poisons you!
It was a potion of lignification.
You turn into a tree.
Your +0 cloak melds into your body.
Your +0 robe melds into your body.
Your roots penetrate the ground.
* * * LOW HITPOINT WARNING * * *
You feel very sick.
The scorpion stings you but does no damage.
You barely miss the scorpion.
The scorpion is almost dead.
* * * LOW HITPOINT WARNING * * *
You feel sick.
The scorpion stings you but does no damage.
You barely miss the scorpion.
The scorpion is almost dead.
* * * LOW HITPOINT WARNING * * *
You feel sick.
The scorpion stings you but does no damage.
You hit the scorpion.
You kill the scorpion!
* * * LOW HITPOINT WARNING * * *
You feel sick.
Your Short Blades skill increases to level 5!
You cannot move.
There is a lethal amount of poison in your body!
There is a lethal amount of poison in your body!
It was a potion of resistance.
You feel protected.
You die...

#..... #.#... #.#...
############.##♣.
.........##........(.
.........##..........
..(......'.>.........
...†.....##...#######
....♣....+..#.##
.........##.#..###
.........##......####
...).....######...##.
.........# #.#..'.
######### #.####.
#..###. #....#.
#.##.#.


There were no monsters in sight!

Vanquished Creatures
  A black bear (D:4)
  A water moccasin zombie (D:4)
  A scorpion (D:4)
  A jelly (D:4)
  Jessica (D:2)
  6 adders
  An ufetubus (D:4)
  An adder zombie (D:4)
  A worm (D:2)
  5 dart slugs
  8 ball pythons
  10 endoplasms
  6 giant cockroaches
  7 hobgoblins
  7 quokkas
  10 bats
  3 goblins
  6 kobolds
  5 rats
81 creatures vanquished.

Notes
Turn   | Place    | Note
-------+----------+-------------------------------------------
     0 | D:1      | MachoJfn the Kobold Brigand began the quest for the Orb.
     0 | D:1      | Reached XP level 1. HP: 12/12 MP: 1/1
   176 | D:1      | Reached XP level 2. HP: 17/17 MP: 2/2
   224 | D:1      | Reached skill level 6 in Stealth
   563 | D:1      | Reached XP level 3. HP: 21/21 MP: 3/3
  1124 | D:1      | Found a faded altar of an unknown god.
  1401 | D:2      | Found an opulent altar of Gozag.
  1438 | D:2      | Reached XP level 4. HP: 25/26 MP: 4/4
  1518 | D:2      | Reached skill level 7 in Stealth
  1748 | D:2      | Noticed Jessica
  1750 | D:2      | Killed Jessica
  1751 | D:2      | Reached XP level 5. HP: 31/31 MP: 5/5
  2626 | D:3      | Found a stormy altar of Qazlal.
  2627 | D:3      | Found a snail-covered altar of Cheibriados.
  2627 | D:3      | Found a glowing golden altar of the Shining One.
  2629 | D:3      | Found a burning altar of Makhleb.
  2629 | D:3      | Found an ornate altar of the Wu Jian Council.
  2631 | D:3      | Found a blossoming altar of Fedhas.
  2631 | D:3      | Found a sparkling altar of Nemelex Xobeh.
  2634 | D:3      | Found a radiant altar of Vehumet.
  3714 | D:4      | Reached XP level 6. HP: 36/36 MP: 6/6
  3763 | D:4      | Reached skill level 8 in Stealth
  3983 | D:4      | Found a basalt altar of Yredelemnul.
  4181 | D:4      | Noticed a black bear
  4196 | D:4      | Killed a black bear
  4466 | D:4      | Reached XP level 7. HP: 41/41 MP: 7/7
  4501 | D:4      | HP: 3/61 [poisoned by a scorpion]
  4502 | D:4      | HP: 1/61 [poisoned by a scorpion]
  4503 | D:4      | Reached skill level 5 in Short Blades
  4503 | D:4      | Succumbed to a scorpion's poison

Illustrated notes

Levels and vault maps discovered:
D:1:      shiori_arrival_oz, layout_basic, shapermc_ecumenical_altar_ellora,
          minmay_3d_cube
D:2:      layout_loops_corners, basic_altar, nicolae_kite_square_tiling_tiny,
          minmay_octomino_c4, uniq_jessica
D:3:      layout_basic, grunt_temple_overflow_open
D:4:      layout_basic, lemuel_zombie_altar_yredelemnul,
          wad_floor_pattern_untrapped, grunt_ministairs_1,
          dreamdust_princess_corridor

Skill      XL: |  1  2  3  4  5  6  7 |
---------------+----------------------+-----
Stealth        | 6 7 8 |  8.8
Short Blades   | 3 4 5 |  5.0
Dodging        | 2 |  2.7
Fighting       | 3 |  3.2
Throwing       | |  2.9

Action                     |  1- 3 |  4- 6 |  7- 9 || total
---------------------------+-------+-------+-------++-------
  Melee: Dagger            |    98 |   132 |    15 ||   245
         Punch             |     1 |     1 |     2 ||     4
  Throw: Dart              |    11 |     8 |     1 ||    20
    Use: Scroll            |     1 |     1 |       ||     2
         Potion            |       |       |     2 ||     2
   Stab: Sleeping          |    12 |    21 |       ||    33
         Distracted        |       |     1 |       ||     1
 Armour: Robe              |    17 |    22 |     1 ||    40
         Skin              |       |       |     3 ||     3
  Dodge: Dodged            |    76 |    89 |     5 ||   170

Table legend: (Time is in decaauts)
 A = Elapsed time spent in this place.
 B = Non-inter-level travel time spent in this place.
 C = Inter-level travel time spent in this place.
 D = Time resting spent in this place.
 E = Time spent auto-exploring this place.
 F = Levels seen in this place.
 G = Mean time per level.
                   A        B        C        D        E       F      G
               +--------+--------+--------+--------+--------+-----+--------+
         Total |   4456 |   3814 |    642 |    334 |   2852 |   4 | 1114.0 |
       Dungeon |   4456 |   3814 |    642 |    334 |   2852 |   4 | 1114.0 |
               +--------+--------+--------+--------+--------+-----+--------+

Top non-repeatable levels by time:
     D:1: 1325 daAuts
     D:2: 1120 daAuts
     D:3: 1071 daAuts
     D:4: 940 daAuts
